 Dungeon Sprint DCSS version 0.27-a0-216-g1fbed8a51c (webtiles) character file.

Game seed: 8678563325546158023

11865 mhtbhm the Severer (level 11, -2/112 HPs)
             Began as a Minotaur Fighter on Jan 31, 2021.
             Was the Champion of Trog.
             Slain by a cyclops (33 damage)
             ... summoned by the player character
             ... in the Dungeon (Sprint VII: "The Pits").
             The game lasted 00:04:59 (2126 turns).

mhtbhm the Severer (Minotaur Fighter)               Turns: 2126, Time: 00:04:59

Health: -2/112     AC: 21    Str: 23    XL:     11   Next: 54%
Magic:  10/10      EV: 12    Int:  7    God:    Trog [******]
Gold:   43         SH: 15    Dex: 14    Spells: 10/10 levels left

rFire    . . .     SeeInvis +   a - +7 double sword of Disgust {flame, Int+2 Dex+3}
rCold    . . .     Faith    .   c - +0 kite shield
rNeg     . . .     Spirit   .   b - +4 chain mail
rPois    .         Reflect  .   (helmet restricted)
rElec    .         Harm     .   (no cloak)
rCorr    .         Rampage  .   (no gloves)
Will     .....     NoTele   +   r - +0 pair of boots
Stlth    ..........             (no amulet)
HPRegen  0.28/turn              n - +3 ring of protection
MPRegen  0.12/turn              t - ring of see invisible

@: lethally poisoned (-2 -> -3), berserk cooldown, slowed, very slow
A: retaliatory headbutt, horns 2
a: Renounce Religion, Berserk, Trog's Hand, Brothers in Arms


You were in the Dungeon.
You worshipped Trog.
Trog was exalted by your worship.
You visited 1 branch You collected 43 gold pieces.

Inventory:

Hand Weapons
 a - the +7 double sword of Disgust (weapon) {flame, Int+2 Dex+3}
   (Trog gifted it to you in the Dungeon)

   It has been specially enchanted to burn those struck by it, causing extra
   injury to most foes and up to half again as much damage against particularly
   susceptible opponents.
   Big, fiery blades are also staple armaments of hydra-hunters.
   It affects your intelligence (+2).
   It affects your dexterity (+3).
Missiles
 s - 4 throwing nets (quivered)
Armour
 b - a +4 chain mail (worn)
 c - a +0 kite shield (worn)
 r - a +0 pair of boots (worn)
Jewellery
 n - a +3 ring of protection (left hand)
 t - a ring of see invisible (right hand)
 u - an uncursed ring of fire
Scrolls
 j - a scroll of blinking
 l - 5 scrolls of remove curse
 m - a scroll of summoning
 v - a scroll of magic mapping
 w - a scroll of identify
 y - 8 scrolls of enchant armour
 z - 4 scrolls of enchant weapon
 A - a scroll of fear
Potions
 d - 3 potions of might
 e - 7 potions of curing
 f - 13 potions of heal wounds
 g - 2 potions of haste
 h - 5 potions of magic
 i - 3 potions of berserk rage
 k - 3 potions of invisibility
 p - a potion of resistance
 q - a potion of mutation
Miscellaneous
 x - a phial of floods


   Skills:
 + Level 15.0 Fighting
 + Level 5.9 Long Blades
 + Level 18.6 Axes
 + Level 14.4 Armour
 + Level 6.6 Dodging
 + Level 2.1 Stealth
 + Level 16.4 Shields


You had 10 spell levels left.
You didn't know any spells.
Your spell library was empty.

Dungeon Overview and Level Annotations

Branches:
Dungeon (1/1)

Altars:
Ashenzari
Cheibriados
Dithmenos
Elyvilon
Fedhas
Gozag
Hepliaklqana
Kikubaaqudgha
Makhleb
Nemelex Xobeh
Okawaru
Qazlal
Ru
Sif Muna
Trog
Uskayaw
Vehumet
Wu Jian
Xom
Yredelemnul
Zin
The Shining One
Beogh
Jiyva
Lugonu


Innate Abilities, Weirdness & Mutations

You reflexively headbutt those who attack you in melee.
You have a pair of horns on your head.


Message History

Unknown command.
You feel much better. The swamp drake breathes poison at you.
The noxious blast engulfs you but does no damage.
You are poisoned.
You block the swamp drake's attack.
Your cyclops is engulfed in noxious fumes.
Unknown command.
You completely miss the swamp drake.
The swamp drake is heavily wounded.
You are engulfed in noxious fumes.
* * * LOW HITPOINT WARNING * * *
You feel sick.
Your cyclops is engulfed in noxious fumes.
Your cyclops appears confused.
You block the swamp drake's attack.
Your cyclops is engulfed in noxious fumes.
Your cyclops appears confused.
Your cyclops hits you!!
You die...

####++########## ...........##..#
.#..#......##..# #
...........''..# .#
...........''.°##########..#
.#..#......##.°C°°°........#
...........##..°@k°........#
####''######################
..##''# ##### ######## ##########
..##..###...###..'...# #.........
..##...##...##..##...###.........
..###...##'##..###...'.##........
..# ##))..).....##...#..###.....#
..###))###'###...##'##...###...##
..##))##.....##..#...#...#.......


You could see a swamp drake and a friendly cyclops (summoned, berserk,
confused).

Vanquished Creatures
  Harold (D)
  2 death yaks (D)
  An orc high priest (D)
  A shadow wraith (D)
  An unseen horror (D)
  A wizard (D)
  2 bog bodies (D)
  A lindwurm (D)
  A gargoyle (D)
  An ice devil (D)
  2 komodo dragons (D)
  A jumping spider (D)
  A wind drake (D)
  A snapping turtle (D)
  2 shadows (D)
  A flying skull (D)
  A wyvern (D)
  A redback (D)
  A wraith (D)
  A steam dragon (D)
  A soldier ant (D)
  3 orc warriors (D)
  A swamp drake (D)
  An ice beast (D)
  A phantom (D)
  A sky beast (D)
  A bullfrog (D)
  A gnoll sergeant (D)
  5 killer bees (D)
  A crimson imp (D)
  A quasit (D)
  2 orc priests (D)
  A gnoll shaman (D)
  An orc wizard (D)
  A worker ant (D)
  8 gnolls (D)
  An adder (D)
  2 ufetubi (D)
  An adder zombie (D)
  2 leopard geckos (D)
  10 orcs (D)
  A bat skeleton (D)
  2 giant cockroaches (D)
  A goblin (D)
  A hobgoblin (D)
  A quokka (D)
  A ball python (D)
  A bat (D)
  A jackal skeleton (D)
  A quokka zombie (D)
80 creatures vanquished.

Vanquished Creatures (collateral kills)
  Josephine (D)
  3 death yaks (D)
  A phantasmal warrior (D)
  A cane toad (D)
  An orange demon (D)
  A hellwing (D)
  2 wraiths (D)
  A soldier ant (D)
  A bullfrog (D)
  A gnoll (D)
13 creatures vanquished.

Grand Total: 93 creatures vanquished

Notes
Turn   | Place    | Note
-------+----------+-------------------------------------------
     0 | D        | mhtbhm the Minotaur Fighter began the quest for the Orb.
     0 | D        | Reached XP level 1. HP: 19/19 MP: 0/0
    20 | D        | Found a bloodstained altar of Trog.
    20 | D        | Found a shimmering blue altar of Sif Muna.
    20 | D        | Found a viscous altar of Jiyva.
    20 | D        | Found a hazy altar of Hepliaklqana.
    20 | D        | Found an opulent altar of Gozag.
    21 | D        | Found a glowing golden altar of the Shining One.
    21 | D        | Found a glowing silver altar of Zin.
    21 | D        | Found a basalt altar of Yredelemnul.
    21 | D        | Found a shimmering altar of Xom.
    21 | D        | Found an ornate altar of the Wu Jian Council.
    21 | D        | Found a sacrificial altar of Ru.
    21 | D        | Found a stormy altar of Qazlal.
    21 | D        | Found an iron altar of Okawaru.
    21 | D        | Found a sparkling altar of Nemelex Xobeh.
    21 | D        | Found a burning altar of Makhleb.
    21 | D        | Found a blossoming altar of Fedhas.
    21 | D        | Found a white marble altar of Elyvilon.
    21 | D        | Found a shadowy altar of Dithmenos.
    21 | D        | Found a snail-covered altar of Cheibriados.
    23 | D        | Found a radiant altar of Vehumet.
    23 | D        | Found a corrupted altar of Lugonu.
    23 | D        | Found a roughly hewn altar of Beogh.
    24 | D        | Found a hide-covered altar of Uskayaw.
    24 | D        | Found an ancient bone altar of Kikubaaqudgha.
    24 | D        | Found a broken altar of Ashenzari.
    27 | D        | Became a worshipper of Trog the Wrathful
    86 | D        | Reached * piety under Trog
    87 | D        | Reached XP level 2. HP: 26/28 MP: 1/1
   112 | D        | Reached ** piety under Trog
   113 | D        | Reached skill level 5 in Armour
   117 | D        | Reached skill level 5 in Fighting
   117 | D        | Reached skill level 3 in Axes
   117 | D        | Reached skill level 5 in Shields
   117 | D        | Reached XP level 3. HP: 31/36 MP: 2/2
   201 | D        | Noticed an ice beast
   206 | D        | Reached *** piety under Trog
   208 | D        | Reached skill level 4 in Axes
   208 | D        | Reached XP level 4. HP: 44/44 MP: 3/3
   208 | D        | Killed an ice beast
   209 | D        | Reached skill level 5 in Axes
   209 | D        | Reached skill level 1 in Dodging
   209 | D        | Reached XP level 5. HP: 53/53 MP: 4/4
   210 | D        | Noticed a sky beast
   219 | D        | Killed a sky beast
   219 | D        | Reached **** piety under Trog
   220 | D        | Reached skill level 6 in Axes
   220 | D        | Reached XP level 6. HP: 62/62 MP: 5/5
   285 | D        | Reached ***** piety under Trog
   300 | D        | Reached skill level 7 in Axes
   467 | D        | Noticed an orc warrior
   467 | D        | Noticed a snapping turtle
   478 | D        | Reached skill level 10 in Shields
   483 | D        | Killed an orc warrior
   483 | D        | Reached ****** piety under Trog
   484 | D        | Reached skill level 8 in Axes
   484 | D        | Reached XP level 7. HP: 70/70 MP: 6/6
   487 | D        | Killed a snapping turtle
   488 | D        | Reached skill level 9 in Axes
   488 | D        | Reached skill level 10 in Armour
   618 | D        | Noticed an orc high priest
   624 | D        | Noticed a wyvern
   626 | D        | Reached skill level 10 in Fighting
   626 | D        | Reached skill level 10 in Axes
   630 | D        | Received a gift from Trog
   631 | D        | Noticed a red devil
   631 | D        | Noticed a chaos spawn
   633 | D        | Noticed an ice devil
   633 | D        | Noticed a ynoxinul
   633 | D        | Noticed a wraith
   634 | D        | Reached XP level 8. HP: 78/79 MP: 7/7
   634 | D        | Noticed a cane toad
   639 | D        | Killed an orc high priest
   640 | D        | Reached skill level 12 in Axes
   644 | D        | Noticed Josephine
   644 | D        | Noticed a wizard
   645 | D        | Received a gift from Trog
   646 | D        | Reached skill level 13 in Axes
   649 | D        | Killed a cane toad
   650 | D        | Reached XP level 9. HP: 62/89 MP: 8/8
   650 | D        | Killed Josephine
   651 | D        | Reached skill level 14 in Axes
   658 | D        | Killed a wizard
   659 | D        | Received a gift from Trog
   867 | D        | Reached skill level 15 in Axes
   868 | D        | Received a gift from Trog
   870 | D        | Noticed Harold
   881 | D        | Killed Harold
  1034 | D        | Noticed a bog body
  1038 | D        | Killed a bog body
  1039 | D        | Reached skill level 16 in Axes
  1039 | D        | Reached XP level 10. HP: 95/100 MP: 9/9
  1058 | D        | Received a gift from Trog
  1124 | D        | Reached skill level 17 in Axes
  1124 | D        | Received a gift from Trog
  1249 | D        | Killed a shadow wraith
  1250 | D        | Reached skill level 5 in Dodging
  1252 | D        | Noticed a lindwurm
  1252 | D        | Noticed a gargoyle
  1259 | D        | Killed a gargoyle
  1260 | D        | Reached skill level 1 in Stealth
  1261 | D        | Killed a lindwurm
  1567 | D        | Noticed a bog body
  1567 | D        | Noticed a phantasmal warrior
  1577 | D        | Killed a bog body
  1578 | D        | Reached skill level 18 in Axes
  1584 | D        | Received a gift from Trog
  1589 | D        | Reached XP level 11. HP: 110/110 MP: 10/10
  1591 | D        | Reached skill level 15 in Shields
  1597 | D        | Killed a phantasmal warrior
  1603 | D        | Received a gift from Trog
  1609 | D        | Received a gift from Trog
  1617 | D        | Got a transparent double sword {god gift}
  1618 | D        | Identified the +7 double sword of Disgust {flame, Int+2
                  | Dex+3} (Trog gifted it to you in the Dungeon)
  2077 | D        | Noticed an unseen horror
  2085 | D        | Killed an unseen horror
  2086 | D        | Reached skill level 1 in Long Blades
  2094 | D        | Noticed a death yak
  2094 | D        | Noticed a death yak
  2099 | D        | Noticed a death yak
  2105 | D        | Noticed a death yak
  2106 | D        | Noticed a death yak
  2107 | D        | Killed a death yak
  2114 | D        | Killed a death yak
  2117 | D        | Killed a death yak
  2119 | D        | Killed a death yak
  2120 | D        | Reached skill level 5 in Long Blades
  2120 | D        | Killed a death yak
  2121 | D        | Reached skill level 15 in Fighting
  2126 | D        | Slain by a cyclops

Illustrated notes

Levels and vault maps discovered:
D:        pitsprint [storerooms_1, entrance_room_1, metal_vault_5, armoury_2,
          mini_pit_1, grid_room_1, main_hall_1, silver_pit, the_coven_3,
          the_vestibule_1, steel_vault_2, golden_pit, hallway_of_sentries,
          crystal_vault_6, iron_vault_2, final_vault]

Skill      XL: |  1  2  3  4  5  6  7  8  9 10 11 |
---------------+----------------------------------+-----
Fighting       | 4 5 6 7 8 9 10 11 12 14 15 | 15.0
Armour         | 4 5 6 7 8 9 10 11 12 13 14 | 14.4
Shields        | 4 5 6 8 9 10 11 13 14 16 | 16.4
Axes           | 3 4 5 6 8 10 13 16 18 | 18.6
Dodging        | 1 2 3 4 5 6 |  6.6
Stealth        | 1 2 |  2.1
Long Blades    | 5 |  5.9

Action                   |  1- 3 |  4- 6 |  7- 9 | 10-12 || total
-------------------------+-------+-------+-------+-------++-------
Melee: Hand axe          |    27 |    60 |     4 |    53 ||   144
       Headbutt          |     7 |     6 |     7 |    23 ||    43
       War axe           |       |       |    47 |    27 ||    74
       Double sword      |       |       |       |    23 ||    23
Invok: Berserk           |     1 |     1 |     1 |     3 ||     6
       Brothers in Arms  |       |       |     1 |     2 ||     3
  Use: Potion            |       |       |     3 |     4 ||     7
 Stab: Confused          |       |       |       |     1 ||     1
Armor: Scale mail        |    12 |       |       |       ||    12
       Chain mail        |     7 |    46 |    21 |    70 ||   144
Dodge: Dodged            |     9 |    19 |    12 |    57 ||    97
Block: Kite shield       |    24 |    40 |    31 |    86 ||   181
       Rpst.: Double sword |       |       |       |     1 ||     1

Table legend: (Time is in decaauts)
 A = Elapsed time spent in this place.
 B = Non-inter-level travel time spent in this place.
 C = Inter-level travel time spent in this place.
 D = Time resting spent in this place.
 E = Time spent auto-exploring this place.
 F = Levels seen in this place.
 G = Mean time per level.
                   A        B        C        D        E       F      G
               +--------+--------+--------+--------+--------+-----+--------+
         Total |   2153 |   2093 |     60 |   1231 |      0 |   1 | 2153.0 |
       Dungeon |   2153 |   2093 |     60 |   1231 |      0 |   1 | 2153.0 |
               +--------+--------+--------+--------+--------+-----+--------+

Top non-repeatable levels by time:
       D: 2153 daAuts
